 Dungeon Crawl Stone Soup version 0.30.0-20-g3615ddf2f0 (webtiles) character file.

Game seed: 9768950491872316237

61932 qw the Severer (level 15, -1/95 HPs)
             Began as a Gargoyle Fighter on May 29, 2023.
             Was a High Priest of Okawaru.
             Slain by a dire elephant (13 damage)
             ... on level 5 of the Lair of Beasts.
             The game lasted 00:07:33 (12967 turns).

qw the Severer (Gargoyle Fighter)                  Turns: 12967, Time: 00:07:34

Health: -1/95      AC: 36    Str: 28    XL:     15   Next: 4%
Magic:  23/23      EV: 13    Int:  8    God:    Okawaru [*****.]
Gold:   780        SH: 10    Dex: 19    Spells: 14/14 levels left

rFire   + + .        z - +1 war axe "Xamuolof" {vamp, *Noise rF++ Str+2 SInv}
rCold   + . .        y - +2 buckler
rNeg    + . .        j - +0 plate armour
rPois   inf          f - +0 helmet
rElec   +            (no cloak)
rCorr   +            A - +1 pair of gloves
SInv    +            x - +0 pair of boots
Will    +....        l - amulet of the acrobat Stlth
                     i - +6 ring of dexterity
HPRegen 0.35/turn    h - ring of resist corrosion
MPRegen 0.18/turn

%: acrobat
@: about to teleport, heroic, flying
A: sickness immunity, AC +11, big wings, negative energy resistance 1,
electricity resistance, torment resistance 1, petrification resistance, hooves
1, iridescent scales 1, agile 1, cold resistance 1
a: Renounce Religion, Heroism, Finesse, Duel


You were on level 5 of the Lair of Beasts.
You worshipped Okawaru.
Okawaru was extremely pleased with you.
You visited 3 branches of the dungeon, and saw 15 of its levels.

You collected 895 gold pieces.
You spent 115 gold pieces at shops.


Innate Abilities, Weirdness & Mutations

You are immune to sickness and miasma.
Your stone body is resilient. (AC +11)
You are immune to poison.
Your large and strong wings let you fly.
You resist negative energy. (rN+)
You are resistant to electric shocks. (rElec)
You are resistant to unholy torment.
You are immune to petrification.
You have large cloven feet.
You are partially covered in iridescent scales. (AC +2)
You are agile. (Dex +4, Str/Int -1)
Your flesh is cold resistant. (rC+)


   Skills:
 - Level 11.3(16.3) Fighting
 - Level 15.0(20.0) Axes
 - Level 4.0(9.0) Throwing
 - Level 11.0(16.0) Armour
 + Level 4.5(9.5) Dodging
 - Level 7.1(12.1) Shields
 - Level 11.2 Invocations


You had 14 spell levels left.
You didn't know any spells.
Your spell library was empty.

Inventory:

Hand Weapons
 c - a +0 eveningstar
 k - the +4 broad axe of Hubris {freeze, rC+ rN+ Dex+3}
   (Okawaru gifted it to you on level 5 of the Lair of Beasts)

   Dex:       It affects your dexterity (+3).
   rC:        It protects you from cold.
   rN:        It protects you from negative energy.
 z - the +1 war axe "Xamuolof" (weapon) {vamp, *Noise rF++ Str+2 SInv}
   (You found it on level 4 of the Dungeon)

   Str:       It affects your strength (+2).
   rF:        It greatly protects you from fire.
   SInv:      It lets you see invisible.
   *Noise:    It may make noises in combat.
Missiles
 b - 4 boomerangs (quivered)
Armour
 a - the +0 pair of gloves of the Shining Light {-Tele rF+++ rCorr}
   (You found it on level 2 of the Dungeon)

   rF:        It renders you almost immune to fire.
   -Tele:     It prevents most forms of teleportation.
   rCorr:     It protects you from acid and corrosion.
 f - a +0 helmet (worn)
 j - a +0 plate armour (worn)
 x - a +0 pair of boots (worn)
 y - a +2 buckler (worn)
 A - a +1 pair of gloves (worn)
Jewellery
 h - a ring of resist corrosion (right hand)
 i - a +6 ring of dexterity (left hand)
 l - an amulet of the acrobat (around neck)
Wands
 w - a wand of digging (7)
Scrolls
 o - 2 scrolls of identify
 p - a scroll of summoning {unknown}
 t - a scroll of teleportation
 B - a scroll of enchant weapon
Potions
 d - 3 potions of might
 e - 2 potions of curing
 g - 5 potions of attraction
 m - a potion of cancellation
 n - 2 potions of haste
 q - 2 potions of lignification
 s - 2 potions of magic

Dungeon Overview and Level Annotations

Branches:
Dungeon (9/15)             Temple (1/1) D:7            Lair (5/5) D:9
  Swamp (0/4) Lair:2        Snake (0/4) Lair:2        Slime (0/5) Lair:4
    Orc: D:9-12

Altars:
Ashenzari
Cheibriados
Dithmenos
Elyvilon
Fedhas
Gozag
Hepliaklqana
Kikubaaqudgha
Makhleb
Nemelex Xobeh
Okawaru
Qazlal
Sif Muna
Trog
Uskayaw
Vehumet
Wu Jian
Xom
Yredelemnul
Zin
The Shining One

Shops:
D:3 ?   D:7 =

Annotations:
D:9 1 runed translucent door, qw's ghost, novice GrFi


Message History

The necromancer is almost dead.
You slash the dire elephant!
You feel better.
You hit the dire elephant but do no damage.
The dire elephant tramples you but does no damage.
The dire elephant trunk-slaps you but does no damage.
The necromancer casts a spell at you.
Your body is wracked with pain!
The dire elephant misses you.
The dire elephant trunk-slaps you but does no damage.
You miss the necromancer.
The necromancer is almost dead.
You hit the dire elephant but do no damage.
You slash the dire elephant!
You feel better. The dire elephant tramples you!!
You hold your ground!
You block the dire elephant's attack.
The necromancer gestures at you while chanting.
The bolt of negative energy hits you but does no damage.
You partially resist.
You barely miss the necromancer.
The necromancer is almost dead.
You hit the dire elephant but do no damage. x2
The dire elephant tramples you but does no damage.
You block the dire elephant's attack.
You slash the necromancer!
You feel better.
You kill the necromancer!
Okawaru accepts your kill.
You hit the dire elephant. You slash the dire elephant!
The dire elephant tramples you!
You hold your ground!
The dire elephant barely misses you. The dire elephant tramples you!
You are shoved backwards!
12966 ||| READING 2 scrolls of teleportation.
As you read the scroll of teleportation, it crumbles to dust.
You feel strangely unstable.
The dire elephant tramples you but does no damage.
The dire elephant trunk-slaps you but does no damage.
The dire elephant barely misses you. You block the dire elephant's attack.
You hit the dire elephant.
The dire elephant is almost dead.
You slash the dire elephant!
You feel better. The dire elephant tramples you!
You die...

##### 77#.#.#####
##77.........##
#.7.........@.##
##.....#....#YY.#
#P..77####''#')#### ##
#7.77
#8..#....8##.~~##8...8
##+##
#...#.....'..~~~'.Y.?:
##:##
#.#.####.8#.~~~~'Y..[)
#########)#....####
~~~~#8YZ.8
#######8.....####....#
~~.###### ..##
#......# ####.###
.###8.8#


You could see 2 dire elephants.

Vanquished Creatures
  3 dire elephants (Lair:5)
  Harold (Lair:2)
  A hydra (Lair:4)
  A boulder beetle (Lair:3)
  Erica (Lair:2)
  A catoblepas (Lair:4)
  A death yak (Lair:5)
  3 spectral death yaks (Lair:5)
  A spectral anaconda (Lair:5)
  An obsidian statue (Lair:5)
  3 necromancers (Lair:5)
  2 black mambas (Lair:5)
  A dire elephant zombie (Lair:5)
  24 elephants
  11 cane toads
  2 dire elephant skeletons (Lair:5)
  4 rime drakes
  3 komodo dragons
  A troll (D:9)
  3 polar bears
  Prince Ribbit (D:6)
  37 blink frogs
  A hornet (D:9)
  3 spectral elephants (Lair:5)
  A slime creature (Lair:4)
  2 wyverns
  A basilisk (Lair:4)
  24 yaks
  A steam dragon (Lair:3)
  Menkaure (D:4)
  A spectral cane toad (Lair:5)
  5 nagas (Lair:2)
  4 swamp worms (Lair:2)
  Duvessa (D:5)
  8 water moccasins
  An orc warrior (D:9)
  A sky beast (D:7)
  A black bear (Lair:4)
  2 elephant zombies (Lair:5)
  11 wolves
  An ogre (D:6)
  2 elephant skeletons (Lair:5)
  3 centaurs
  A phantom (D:5)
  6 bullfrogs
  Blork the orc (D:5)
  2 scorpions
  A cane toad simulacrum (Lair:5)
  3 wights (D:8)
  Dowan (D:5)
  A howler monkey (D:9)
  6 electric eels
  6 jellies
  9 hounds
  6 orc priests
  8 orc wizards
  6 iguanas
  7 hell rats (Lair:4)
  Robin (D:3)
  5 adders
  13 white imps
  An ufetubus (D:5)
  A worm (D:3)
  5 dart slugs
  40 orcs
  7 ball pythons
  8 bats
  11 endoplasms
  3 giant cockroaches
  11 goblins
  9 hobgoblins
  4 quokkas (D:1)
  5 frilled lizards
  5 kobolds
  9 rats
383 creatures vanquished.

Vanquished Creatures (others)
  A blink frog (Lair:3)
  An orc wizard (D:9)
2 creatures vanquished.

Grand Total: 385 creatures vanquished

Notes
Turn   | Place    | Note
-------+----------+-------------------------------------------
     0 | D:1      | qw the Gargoyle Fighter began the quest for the Orb.
     0 | D:1      | Reached XP level 1. HP: 14/14 MP: 1/1
     0 | D:1      | 0 ||| qw: Version: 0.2-a-101-gf424e7f
     0 | D:1      | 0 ||| qw: Game counter: 283
     0 | D:1      | 0 ||| qw: Always use a shield: true
     0 | D:1      | 0 ||| qw: God list: Okawaru
     0 | D:1      | 0 ||| qw: Allow faded altars: false
     0 | D:1      | 0 ||| qw: Do Orc after D:15 true
     0 | D:1      | 0 ||| qw: Do second Lair branch before Depths: true
     0 | D:1      | 0 ||| qw: Lair rune preference: random
     0 | D:1      | 0 ||| qw: Plans: Normal, Zot:1-4, Slime:5, God:TSO, Crypt,
                  | Tomb, Pan, Hells, Abyss, Win
     0 | D:1      | 0 ||| PLANNING D:1-11
    26 | D:1      | Reached skill level 2 in Axes
    87 | D:1      | 87 ||| Stepping ~*~*~tactically~*~*~ (hiding).
    99 | D:1      | Reached XP level 2. HP: 19/19 MP: 2/2
   153 | D:1      | 153 ||| Stepping ~*~*~tactically~*~*~ (hiding).
   157 | D:1      | 157 ||| Stepping ~*~*~tactically~*~*~ (hiding).
   309 | D:1      | Reached skill level 3 in Axes
   328 | D:1      | Reached XP level 3. HP: 23/23 MP: 3/3
   529 | D:1      | 529 ||| Stepping ~*~*~tactically~*~*~ (hiding).
   803 | D:1      | 803 ||| UPGRADING to +0 helmet.
   808 | D:1      | 808 ||| UPGRADING to amulet of the acrobat.
   813 | D:1      | 813 ||| UPGRADING to +6 ring of dexterity.
   814 | D:1      | 814 ||| READING scroll labelled QEPTEU ASA OCI.
   815 | D:1      | 815 ||| READING scroll labelled XAQEEL LACYO.
   904 | D:2      | Identified the +0 pair of gloves of the Shining Light
                  | {-Tele rF+++ rCorr}
   952 | D:2      | 952 ||| Stepping ~*~*~tactically~*~*~ (stealth).
  1009 | D:2      | 1009 ||| Stepping ~*~*~tactically~*~*~ (stealth).
  1093 | D:2      | 1093 ||| DROPPING +0 club.
  1127 | D:2      | Reached skill level 1 in Dodging
  1242 | D:2      | Found a faded altar of an unknown god.
  1317 | D:2      | Reached XP level 4. HP: 28/28 MP: 4/4
  1562 | D:2      | 1562 ||| READING 2 scrolls labelled ALINIT SATONYPOCUG.
  1575 | D:3      | 1575 ||| STAIRDANCE
  1602 | D:3      | 1602 ||| STAIRDANCE
  1650 | D:3      | Reached skill level 1 in Throwing
  1685 | D:3      | 1685 ||| FLEEEEING.
  1686 | D:3      | 1686 ||| FLEEEEING.
  1688 | D:3      | 1688 ||| FLEEEEING.
  1689 | D:3      | 1689 ||| FLEEEEING.
  1690 | D:3      | 1690 ||| FLEEEEING.
  1691 | D:3      | 1691 ||| FLEEEEING.
  1697 | D:3      | 1697 ||| FLEEEEING.
  1698 | D:3      | 1698 ||| FLEEEEING.
  1699 | D:3      | 1699 ||| FLEEEEING.
  1700 | D:3      | 1700 ||| FLEEEEING.
  1701 | D:3      | 1701 ||| FLEEEEING.
  1702 | D:3      | 1702 ||| FLEEEEING.
  1709 | D:3      | 1709 ||| FLEEEEING.
  1710 | D:3      | 1710 ||| FLEEEEING.
  1711 | D:3      | 1711 ||| FLEEEEING.
  1712 | D:3      | 1712 ||| FLEEEEING.
  1713 | D:3      | 1713 ||| STAIRDANCE
  1777 | D:3      | 1777 ||| Stepping ~*~*~tactically~*~*~ (hiding).
  1857 | D:3      | You fall into a shaft and drop 1 floor!
  1859 | D:4      | Noticed Menkaure
  1866 | D:4      | Killed Menkaure
  1867 | D:4      | Reached skill level 5 in Axes
  1867 | D:4      | Reached XP level 5. HP: 27/32 MP: 5/5
  1867 | D:4      | Reached XP level 6. HP: 32/37 MP: 6/6
  1900 | D:4      | HP: 8/37 [orc priest/divine providence (15)]
  1901 | D:4      | 1901 ||| READING scroll of teleportation.
  1954 | D:4      | 1954 ||| Stepping ~*~*~tactically~*~*~ (stealth).
  1956 | D:4      | 1956 ||| Stepping ~*~*~tactically~*~*~ (stealth).
  1980 | D:4      | 1980 ||| Stepping ~*~*~tactically~*~*~ (stealth).
  1981 | D:4      | 1981 ||| Stepping ~*~*~tactically~*~*~ (stealth).
  1982 | D:4      | 1982 ||| Stepping ~*~*~tactically~*~*~ (stealth).
  1986 | D:4      | 1986 ||| Stepping ~*~*~tactically~*~*~ (stealth).
  1988 | D:4      | 1988 ||| Stepping ~*~*~tactically~*~*~ (stealth).
  1989 | D:4      | 1989 ||| Stepping ~*~*~tactically~*~*~ (stealth).
  1990 | D:4      | 1990 ||| FLEEEEING.
  1990 | D:4      | Found a hide-covered altar of Uskayaw.
  1991 | D:4      | 1991 ||| FLEEEEING.
  1992 | D:4      | 1992 ||| FLEEEEING.
  1993 | D:4      | 1993 ||| FLEEEEING.
  1994 | D:4      | 1994 ||| FLEEEEING.
  1998 | D:4      | 1998 ||| FLEEEEING.
  1999 | D:4      | 1999 ||| FLEEEEING.
  2000 | D:4      | 2000 ||| FLEEEEING.
  2001 | D:4      | 2001 ||| FLEEEEING.
  2002 | D:4      | 2002 ||| FLEEEEING.
  2003 | D:4      | 2003 ||| FLEEEEING.
  2004 | D:4      | 2004 ||| STAIRDANCE
  2045 | D:3      | Found Bitim's Magic Scroll Shop.
  2050 | D:3      | 2050 ||| SHOPLISTING 2 scrolls of enchant weapon (150 gold,
                  | have 143).
  2050 | D:3      | 2050 ||| BUYING scroll of brand weapon (95 gold).
  2050 | D:3      | Bought a scroll of brand weapon for 95 gold pieces
  2050 | D:3      | 2050 ||| SHOPLISTING scroll of enchant weapon (75 gold,
                  | have 48).
  2050 | D:3      | 2050 ||| BUYING scroll of identify (20 gold).
  2050 | D:3      | Bought a scroll of identify for 20 gold pieces
  2050 | D:3      | 2050 ||| SHOPLISTING scroll of teleportation (30 gold, have
                  | 28).
  2050 | D:3      | 2050 ||| READING scroll of brand weapon.
  2050 | D:3      | 2050 ||| BRANDING +0 war axe.
  2125 | D:3      | 2125 ||| Stepping ~*~*~tactically~*~*~ (stealth).
  2126 | D:3      | Noticed Robin
  2136 | D:3      | 2136 ||| Stepping ~*~*~tactically~*~*~ (hiding).
  2143 | D:3      | Killed Robin
  2243 | D:3      | 2243 ||| Stepping ~*~*~tactically~*~*~ (stealth).
  2447 | D:3      | 2447 ||| Stepping ~*~*~tactically~*~*~ (hiding).
  2450 | D:3      | 2450 ||| Stepping ~*~*~tactically~*~*~ (hiding).
  2569 | D:3      | 2569 ||| Stepping ~*~*~tactically~*~*~ (hiding).
  2681 | D:3      | 2681 ||| DRINKING 2 golden potions.
  2682 | D:3      | 2682 ||| READING 2 scrolls of identify.
  2682 | D:3      | 2682 ||| IDENTIFYING sedimented brown potion
  2683 | D:3      | 2683 ||| DROPPING potion of degeneration.
  2824 | D:4      | Reached skill level 6 in Axes
  2824 | D:4      | Reached XP level 7. HP: 28/43 MP: 7/7
  2945 | D:4      | Found a broken altar of Ashenzari.
  2951 | D:4      | Found a shimmering blue altar of Sif Muna.
  2956 | D:4      | Found a stormy altar of Qazlal.
  3001 | D:4      | 3001 ||| Stepping ~*~*~tactically~*~*~ (stealth).
  3002 | D:4      | 3002 ||| Stepping ~*~*~tactically~*~*~ (stealth).
  3003 | D:4      | 3003 ||| Stepping ~*~*~tactically~*~*~ (stealth).
  3004 | D:4      | 3004 ||| Stepping ~*~*~tactically~*~*~ (stealth).
  3008 | D:4      | 3008 ||| Stepping ~*~*~tactically~*~*~ (stealth).
  3010 | D:4      | 3010 ||| Stepping ~*~*~tactically~*~*~ (stealth).
  3060 | D:4      | Identified the +1 war axe "Xamuolof" {vamp, *Noise rF++
                  | Str+2 SInv}
  3062 | D:4      | 3062 ||| SWAPPING to +1 war axe "Xamuolof" {vamp, *Noise
                  | rF++ Str+2 SInv}.
  3063 | D:4      | 3063 ||| DROPPING +0 war axe of draining.
  3200 | D:4      | Noticed a torpor snail
  3205 | D:4      | Found a snail-covered altar of Cheibriados.
  3205 | D:4      | Noticed a torpor snail
  3207 | D:4      | Noticed a torpor snail
  3377 | D:4      | 3377 ||| UPGRADING to +0 pair of boots.
  3382 | D:4      | 3382 ||| UPGRADING to +0 pair of gloves.
  3387 | D:4      | 3387 ||| DROPPING +6 ring of intelligence.
  3388 | D:4      | 3388 ||| READING scroll labelled FOETIG REGUUR.
  3389 | D:4      | 3389 ||| READING scroll labelled ERUTOU ZUMEFE.
  3390 | D:4      | 3390 ||| READING scroll labelled VICOAP ET GOA.
  3391 | D:4      | 3391 ||| DRINKING 2 blue potions.
  3391 | D:4      | Gained mutation: Armour fits poorly on your strangely
                  | shaped body. [potion of mutation]
  3391 | D:4      | Gained mutation: You have a somewhat thin skeletal
                  | structure. (Dex +2, Stealth+) [potion of mutation]
  3392 | D:4      | 3392 ||| DRINKING potion of mutation.
  3392 | D:4      | Lost mutation: You have a somewhat thin skeletal structure.
                  | (Dex +2, Stealth+) [potion of mutation]
  3392 | D:4      | Lost mutation: Armour fits poorly on your strangely shaped
                  | body. [potion of mutation]
  3392 | D:4      | Gained mutation: You are partially covered in iridescent
                  | scales. (AC +2) [potion of mutation]
  3392 | D:4      | Gained mutation: You have large cloven feet. [potion of
                  | mutation]
  3392 | D:4      | Gained mutation: You have hidden genetic potential. [potion
                  | of mutation]
  3393 | D:4      | 3393 ||| READING 2 scrolls of identify.
  3393 | D:4      | 3393 ||| IDENTIFYING white potion
  3394 | D:4      | 3394 ||| DROPPING potion of flight.
  3427 | D:5      | Entered Level 5 of the Dungeon
  3431 | D:5      | Reached skill level 7 in Axes
  3441 | D:5      | Noticed Blork the orc
  3442 | D:5      | 3442 ||| Stepping ~*~*~tactically~*~*~ (hiding).
  3451 | D:5      | Killed Blork the orc
  3575 | D:5      | Noticed Duvessa
  3576 | D:5      | 3576 ||| Stepping ~*~*~tactically~*~*~ (hiding).
  3577 | D:5      | 3577 ||| Stepping ~*~*~tactically~*~*~ (hiding).
  3580 | D:5      | Noticed Dowan
  3586 | D:5      | Killed Duvessa
  3587 | D:5      | Reached XP level 8. HP: 43/51 MP: 8/8
  3603 | D:5      | Killed Dowan
  3788 | D:5      | 3788 ||| Stepping ~*~*~tactically~*~*~ (stealth).
  3789 | D:5      | 3789 ||| Stepping ~*~*~tactically~*~*~ (stealth).
  3790 | D:5      | 3790 ||| Stepping ~*~*~tactically~*~*~ (stealth).
  3798 | D:5      | Gained mutation: Your flesh is cold resistant. (rC+)
                  | [hidden potential]
  4271 | D:5      | 4271 ||| UPGRADING to +1 chain mail of poison resistance.
  4281 | D:5      | 4281 ||| DROPPING +0 scale mail.
  4282 | D:5      | 4282 ||| DROPPING +2 robe of fire resistance.
  4283 | D:5      | 4283 ||| READING scroll labelled GEELUA KYAMUFI.
  4284 | D:5      | 4284 ||| READING scroll labelled DEABBY OLIZ CETY.
  4285 | D:5      | 4285 ||| READING scroll labelled HUHAM VUCU.
  4286 | D:5      | 4286 ||| READING 2 scrolls of identify.
  4286 | D:5      | 4286 ||| IDENTIFYING ruby potion
  4334 | D:6      | Noticed Prince Ribbit
  4359 | D:6      | Killed Prince Ribbit
  4577 | D:6      | 4577 ||| READING scroll of enchant armour.
  4577 | D:6      | 4577 ||| ENCHANTING +0 pair of gloves.
  4690 | D:6      | 4690 ||| Stepping ~*~*~tactically~*~*~ (stealth).
  4790 | D:6      | 4790 ||| READING scroll labelled JOTATE TURPHEDI.
  4791 | D:6      | 4791 ||| DRINKING 2 fuming ruby potions.
  4792 | D:6      | 4792 ||| READING 2 scrolls of identify.
  4792 | D:6      | 4792 ||| IDENTIFYING puce potion
  4814 | D:7      | Found a staircase to the Ecumenical Temple.
  4815 | D:7      | 4815 ||| PLANNING TEMPLE
  4815 | D:7      | 4815 ||| STAIRDANCE
  4825 | Temple   | Entered the Ecumenical Temple
  4826 | Temple   | 4826 ||| PLANNING OKAWARU WORSHIP
  4834 | Temple   | Became a worshipper of Warmaster Okawaru
  4834 | Temple   | 4834 ||| PLANNING D:1-11
  4835 | Temple   | 4835 ||| DROPPING amulet of guardian spirit.
  4861 | D:7      | 4861 ||| Stepping ~*~*~tactically~*~*~ (hiding).
  4868 | D:7      | Reached skill level 8 in Axes
  4879 | D:7      | Reached skill level 6 in Fighting
  4985 | D:7      | Found Girgh's Jewellery Boutique.
  5004 | D:7      | Reached XP level 9. HP: 53/55 MP: 9/9
  5016 | D:7      | 5016 ||| SHOPLISTING +5 ring of evasion (540 gold, have
                  | 254).
  5016 | D:7      | 5016 ||| SHOPLISTING amulet of reflection (450 gold, have
                  | 254).
  5016 | D:7      | 5016 ||| SHOPLISTING ring of Xom's Sleight of Hands {rC+
                  | Int+3} (574 gold, have 254).
  5016 | D:7      | 5016 ||| SHOPLISTING ring of positive energy (300 gold,
                  | have 254).
  5016 | D:7      | 5016 ||| SHOPLISTING ring of protection from cold (375
                  | gold, have 254).
  5016 | D:7      | 5016 ||| SHOPLISTING ring of protection from fire (375
                  | gold, have 254).
  5077 | D:7      | 5077 ||| Stepping ~*~*~tactically~*~*~ (hiding).
  5589 | D:7      | 5589 ||| UPGRADING to +2 buckler.
  5599 | D:7      | 5599 ||| DROPPING +0 buckler.
  5600 | D:7      | 5600 ||| READING scroll labelled HELESO JI NOU.
  5636 | D:7      | 5636 ||| DRINKING 2 viscous brown potions.
  5679 | D:8      | Gained mutation: You are agile. (Dex +4, Str/Int -1)
                  | [hidden potential]
  5679 | D:8      | Lost mutation: You have hidden genetic potential. [hidden
                  | potential expressed]
  5683 | D:8      | Reached skill level 9 in Axes
  5745 | D:8      | 5745 ||| DROPPING +0 flail.
  5839 | D:8      | 5839 ||| Stepping ~*~*~tactically~*~*~ (hiding).
  5845 | D:8      | 5845 ||| Stepping ~*~*~tactically~*~*~ (hiding).
  5853 | D:8      | 5853 ||| DRINKING 3 potions of curing.
  5853 | D:8      | 5853 ||| (to cure confusion)
  5972 | D:8      | 5972 ||| Stepping ~*~*~tactically~*~*~ (hiding).
  6153 | D:8      | 6153 ||| Stepping ~*~*~tactically~*~*~ (stealth).
  6155 | D:8      | 6155 ||| Stepping ~*~*~tactically~*~*~ (stealth).
  6159 | D:8      | 6159 ||| Stepping ~*~*~tactically~*~*~ (hiding).
  6354 | D:8      | Reached * piety under Okawaru
  6355 | D:8      | 6355 ||| INVOKING Heroism.
  6693 | D:8      | 6693 ||| DROPPING +2 ring mail of willpower.
  6694 | D:8      | 6694 ||| READING 2 scrolls of identify.
  6694 | D:8      | 6694 ||| IDENTIFYING murky dark potion
  6742 | D:9      | Found a glowing golden altar of the Shining One.
  6797 | D:9      | Reached skill level 1 in Invocations
  6816 | D:9      | Noticed a hornet
  6823 | D:9      | Killed a hornet
  6852 | D:9      | Found a runed translucent door.
  6852 | D:9      | Noticed qw's ghost (novice GrFi)
  6883 | D:9      | Noticed a troll
  6884 | D:9      | 6884 ||| INVOKING Heroism.
  6893 | D:9      | Reached skill level 3 in Invocations
  6900 | D:9      | Killed a troll
  6901 | D:9      | Reached skill level 3 in Dodging
  6904 | D:9      | 6904 ||| INVOKING Heroism.
  6909 | D:9      | Found a staircase to the Lair.
  6912 | D:9      | Reached XP level 10. HP: 52/63 MP: 9/13
  6930 | D:9      | 6930 ||| INVOKING Heroism.
  6937 | D:9      | HP: 15/63 [electric eel/bolt of electricity (1)]
  6938 | D:9      | 6938 ||| READING 5 scrolls of teleportation.
  6939 | D:9      | 6939 ||| DRINKING potion of heal wounds.
  7085 | D:9      | 7085 ||| INVOKING Heroism.
  7086 | D:9      | 7086 ||| Stepping ~*~*~tactically~*~*~ (stealth).
  7099 | D:9      | 7099 ||| INVOKING Heroism.
  7123 | D:9      | 7123 ||| INVOKING Heroism.
  7483 | D:9      | 7483 ||| PLANNING LAIR
  7483 | D:9      | 7483 ||| UPGRADING to +0 plate armour.
  7493 | D:9      | 7493 ||| DROPPING +1 chain mail of poison resistance.
  7507 | Lair:1   | Entered Level 1 of the Lair of Beasts
  7507 | Lair:1   | Noticed a cane toad
  7514 | Lair:1   | 7514 ||| STAIRDANCE
  7514 | Lair:1   | Noticed an elephant
  7531 | D:9      | Killed a cane toad
  7532 | D:9      | Reached skill level 6 in Armour
  7606 | Lair:1   | 7606 ||| INVOKING Heroism.
  7606 | Lair:1   | Noticed an elephant
  7608 | Lair:1   | Noticed an elephant
  7620 | Lair:1   | Killed an elephant
  7621 | Lair:1   | Reached skill level 10 in Axes
  7625 | Lair:1   | Killed an elephant
  7627 | Lair:1   | Killed an elephant
  7634 | Lair:1   | Reached ** piety under Okawaru
  7635 | Lair:1   | 7635 ||| INVOKING Heroism.
  7637 | Lair:1   | Reached skill level 3 in Throwing
  7652 | Lair:1   | Noticed an elephant
  7652 | Lair:1   | Noticed an elephant
  7652 | Lair:1   | Noticed an elephant
  7653 | Lair:1   | 7653 ||| Stepping ~*~*~tactically~*~*~ (stealth).
  7654 | Lair:1   | Noticed an elephant
  7654 | Lair:1   | Noticed an elephant
  7655 | Lair:1   | 7655 ||| Stepping ~*~*~tactically~*~*~ (stealth).
  7671 | Lair:1   | Killed an elephant
  7674 | Lair:1   | 7674 ||| INVOKING Heroism.
  7677 | Lair:1   | Killed an elephant
  7678 | Lair:1   | Reached XP level 11. HP: 54/68 MP: 11/14
  7682 | Lair:1   | Reached skill level 11 in Axes
  7683 | Lair:1   | Reached *** piety under Okawaru
  8119 | Lair:1   | 8119 ||| UPGRADING to ring of resist corrosion.
  8120 | Lair:1   | 8120 ||| READING scroll labelled GOKUGAU USIRA.
  8221 | Lair:1   | 8221 ||| DRINKING 2 fizzy golden potions.
  8247 | Lair:2   | 8247 ||| INVOKING Heroism.
  8280 | Lair:2   | 8280 ||| INVOKING Heroism.
  8351 | Lair:2   | 8351 ||| INVOKING Heroism.
  8383 | Lair:2   | Reached skill level 9 in Fighting
  8457 | Lair:2   | Noticed Erica
  8458 | Lair:2   | 8458 ||| INVOKING Heroism.
  8469 | Lair:2   | Killed Erica
  8627 | Lair:2   | Found a frozen archway.
  8707 | Lair:2   | 8707 ||| Stepping ~*~*~tactically~*~*~ (hiding).
  8723 | Lair:2   | 8723 ||| Stepping ~*~*~tactically~*~*~ (hiding).
  8734 | Lair:2   | 8734 ||| INVOKING Heroism.
  8737 | Lair:2   | Received a gift from Okawaru
  8823 | Lair:2   | Found a staircase to the Snake Pit.
  8854 | Lair:2   | Noticed Harold
  8855 | Lair:2   | 8855 ||| Stepping ~*~*~tactically~*~*~ (stealth).
  8857 | Lair:2   | 8857 ||| Stepping ~*~*~tactically~*~*~ (hiding).
  8859 | Lair:2   | 8859 ||| INVOKING Heroism.
  8883 | Lair:2   | Killed Harold
  8883 | Lair:2   | Received a gift from Okawaru
  8884 | Lair:2   | Reached skill level 12 in Axes
  8889 | Lair:2   | Reached **** piety under Okawaru
  8893 | Lair:2   | 8893 ||| Stepping ~*~*~tactically~*~*~ (hiding).
  8894 | Lair:2   | 8894 ||| Stepping ~*~*~tactically~*~*~ (hiding).
  8896 | Lair:2   | 8896 ||| INVOKING Heroism.
  9122 | Lair:2   | Found a staircase to the Swamp.
  9124 | Lair:2   | 9124 ||| INVOKING Heroism.
  9280 | Lair:2   | Reached skill level 9 in Armour
  9287 | Lair:2   | Reached XP level 12. HP: 70/76 MP: 15/15
  9288 | Lair:2   | Reached skill level 6 in Shields
  9406 | Lair:2   | 9406 ||| READING scroll labelled FAWIME DOFEJ.
  9561 | Lair:3   | 9561 ||| INVOKING Heroism.
  9593 | Lair:3   | 9593 ||| INVOKING Heroism.
  9630 | Lair:3   | 9630 ||| INVOKING Heroism.
  9653 | Lair:3   | 9653 ||| INVOKING Heroism.
  9757 | Lair:3   | 9757 ||| INVOKING Heroism.
  9796 | Lair:3   | Reached skill level 6 in Invocations
  9799 | Lair:3   | 9799 ||| INVOKING Heroism.
  9929 | Lair:3   | Noticed a boulder beetle
  9930 | Lair:3   | 9930 ||| INVOKING Heroism.
  9951 | Lair:3   | 9951 ||| INVOKING Heroism.
  9965 | Lair:3   | Killed a boulder beetle
 10077 | Lair:3   | Reached skill level 13 in Axes
 10293 | Lair:3   | 10293 ||| Stepping ~*~*~tactically~*~*~ (hiding).
 10452 | Lair:4   | 10452 ||| INVOKING Heroism.
 10453 | Lair:4   | 10453 ||| Stepping ~*~*~tactically~*~*~ (stealth).
 10472 | Lair:4   | Noticed a catoblepas
 10494 | Lair:4   | Killed a catoblepas
 10497 | Lair:4   | Reached ***** piety under Okawaru
 10503 | Lair:4   | 10503 ||| Stepping ~*~*~tactically~*~*~ (stealth).
 10505 | Lair:4   | 10505 ||| Stepping ~*~*~tactically~*~*~ (stealth).
 10506 | Lair:4   | 10506 ||| Stepping ~*~*~tactically~*~*~ (stealth).
 10507 | Lair:4   | 10507 ||| Stepping ~*~*~tactically~*~*~ (stealth).
 10508 | Lair:4   | 10508 ||| Stepping ~*~*~tactically~*~*~ (stealth).
 10510 | Lair:4   | 10510 ||| Stepping ~*~*~tactically~*~*~ (stealth).
 10520 | Lair:4   | Reached XP level 13. HP: 82/82 MP: 19/19
 10530 | Lair:4   | 10530 ||| Stepping ~*~*~tactically~*~*~ (stealth).
 10557 | Lair:4   | 10557 ||| Stepping ~*~*~tactically~*~*~ (stealth).
 10576 | Lair:4   | 10576 ||| INVOKING Heroism.
 10639 | Lair:4   | 10639 ||| Stepping ~*~*~tactically~*~*~ (stealth).
 10642 | Lair:4   | 10642 ||| INVOKING Heroism.
 10657 | Lair:4   | 10657 ||| Stepping ~*~*~tactically~*~*~ (stealth).
 10684 | Lair:4   | Found a staircase to the Slime Pits.
 10698 | Lair:4   | 10698 ||| INVOKING Heroism.
 10722 | Lair:4   | Reached skill level 9 in Invocations
 10979 | Lair:4   | 10979 ||| Stepping ~*~*~tactically~*~*~ (stealth).
 10980 | Lair:4   | 10980 ||| FLEEEEING.
 10981 | Lair:4   | 10981 ||| FLEEEEING.
 10982 | Lair:4   | 10982 ||| FLEEEEING.
 10983 | Lair:4   | 10983 ||| FLEEEEING.
 10984 | Lair:4   | 10984 ||| FLEEEEING.
 10985 | Lair:4   | 10985 ||| FLEEEEING.
 10986 | Lair:4   | 10986 ||| FLEEEEING.
 10987 | Lair:4   | 10987 ||| FLEEEEING.
 10988 | Lair:4   | 10988 ||| FLEEEEING.
 10989 | Lair:4   | 10989 ||| FLEEEEING.
 11000 | Lair:4   | 11000 ||| INVOKING Heroism.
 11011 | Lair:4   | 11011 ||| SWAPPING to +0 eveningstar.
 11012 | Lair:4   | 11012 ||| INVOKING Finesse.
 11025 | Lair:4   | Received a gift from Okawaru
 11026 | Lair:4   | 11026 ||| SWAPPING to +1 war axe "Xamuolof" {vamp, *Noise
                  | rF++ Str+2 SInv}.
 11386 | Lair:4   | 11386 ||| DRINKING 4 orange potions.
 11387 | Lair:4   | 11387 ||| READING 3 scrolls of identify.
 11387 | Lair:4   | 11387 ||| IDENTIFYING pink potion
 11388 | Lair:4   | 11388 ||| DRINKING potion of experience.
 11388 | Lair:4   | Reached skill level 14 in Axes
 11388 | Lair:4   | Gained mutation: Your large and strong wings let you fly.
                  | [Gargoyle growth]
 11388 | Lair:4   | Reached XP level 14. HP: 88/88 MP: 20/22
 11399 | Lair:4   | 11399 ||| READING 2 scrolls of identify.
 11399 | Lair:4   | 11399 ||| IDENTIFYING metallic puce potion
 11400 | Lair:4   | 11400 ||| DROPPING potion of invisibility.
 11401 | Lair:4   | 11401 ||| DROPPING 3 potions of brilliance.
 11409 | Lair:5   | Entered Level 5 of the Lair of Beasts
 11436 | Lair:5   | 11436 ||| Stepping ~*~*~tactically~*~*~ (stealth).
 11439 | Lair:5   | 11439 ||| Stepping ~*~*~tactically~*~*~ (stealth).
 11440 | Lair:5   | 11440 ||| Stepping ~*~*~tactically~*~*~ (stealth).
 11793 | Lair:5   | 11793 ||| Stepping ~*~*~tactically~*~*~ (stealth).
 11794 | Lair:5   | 11794 ||| Stepping ~*~*~tactically~*~*~ (stealth).
 11929 | Lair:5   | Noticed a dire elephant
 11929 | Lair:5   | Noticed a dire elephant
 11929 | Lair:5   | Noticed a dire elephant
 11930 | Lair:5   | Noticed a dire elephant
 11944 | Lair:5   | Noticed a dire elephant
 11945 | Lair:5   | 11945 ||| INVOKING Heroism.
 11961 | Lair:5   | Received a gift from Okawaru
 11971 | Lair:5   | HP: 18/90 [dire elephant (17)]
 11972 | Lair:5   | 11972 ||| READING 4 scrolls of teleportation.
 11973 | Lair:5   | 11973 ||| DRINKING potion of heal wounds.
 11976 | Lair:5   | HP: 11/90 [dire elephant (4)]
 11977 | Lair:5   | 11977 ||| INVOKING Heroism.
 11979 | Lair:5   | 11979 ||| READING 3 scrolls of teleportation.
 12241 | Lair:5   | 12241 ||| INVOKING Heroism.
 12266 | Lair:5   | Killed a dire elephant
 12302 | Lair:5   | 12302 ||| FLEEEEING.
 12303 | Lair:5   | 12303 ||| FLEEEEING.
 12304 | Lair:5   | 12304 ||| FLEEEEING.
 12305 | Lair:5   | 12305 ||| FLEEEEING.
 12306 | Lair:5   | 12306 ||| FLEEEEING.
 12307 | Lair:5   | 12307 ||| FLEEEEING.
 12308 | Lair:5   | 12308 ||| FLEEEEING.
 12309 | Lair:5   | 12309 ||| FLEEEEING.
 12310 | Lair:5   | 12310 ||| FLEEEEING.
 12311 | Lair:5   | 12311 ||| INVOKING Heroism.
 12605 | Lair:5   | Reached skill level 15 in Axes
 12623 | Lair:5   | 12623 ||| INVOKING Heroism.
 12624 | Lair:5   | 12624 ||| INVOKING Finesse.
 12723 | Lair:5   | Identified the +4 broad axe of Hubris {freeze, rC+ rN+
                  | Dex+3} (Okawaru gifted it to you on level 5 of the Lair of
                  | Beasts)
 12723 | Lair:5   | Received a gift from Okawaru
 12789 | Lair:5   | 12789 ||| INVOKING Heroism.
 12914 | Lair:5   | 12914 ||| INVOKING Heroism.
 12935 | Lair:5   | Killed a dire elephant
 12945 | Lair:5   | Killed a dire elephant
 12946 | Lair:5   | Reached XP level 15. HP: 92/95 MP: 23/23
 12965 | Lair:5   | HP: 19/95 [dire elephant (13)]
 12965 | Lair:5   | HP: 2/95 [dire elephant (17)]
 12966 | Lair:5   | 12966 ||| READING 2 scrolls of teleportation.
 12967 | Lair:5   | Slain by a dire elephant

Levels and vault maps discovered:
D:1:      amcnicky_arrival_underground_garden, layout_loops_ring
D:2:      layout_basic, basic_ecumenical_altar, st_stairs_10
D:3:      layout_loops_cross, serial_shops, nicolae_shop_rolling_square,
          serial_glass, glass_columns_a, glass_columns_a, due_unseen_surprise,
          uniq_robin
D:4:      layout_cave_pools, mainiacjoe_overflow_catwalk,
          minmay_overflow_temple_star_quad, cheibriados_altar_2, uniq_menkaure
D:5:      layout_basic, uniq_blork_the_orc, uniq_duvessa
D:6:      layout_cave_pools, uniq_prince_ribbit1
D:7:      layout_loops_cross, minmay_temple_entry_arrows,
          kennysheep_small_circle
D:8:      layout_basic, kennysheep_generic_room_9
D:9:      layout_rooms, mainiacjoe_overflow_cross_hatched, erik_lair_island,
          hellmonk_ghost_happy_afterlife
Temple:   nicolae_temple_no_exploring_needed
Lair:1:   layout_cave_shapes
Lair:2:   layout_hall_layers, nicolae_swamp_entry_splash_gauntlet,
          minmay_snake_entry_guardpost_medium, portal_ice_cave_entry_imps,
          uniq_harold, uniq_erica
Lair:3:   layout_regular_city, beast_lair_carwin_9, infiniplex_staircase_pool
Lair:4:   layout_roguey, minmay_slime_entry_pillars, grunt_megastairs_2
Lair:5:   due_jungle_book, layout_cave_pods, pdpol_lair_cavern_descent

Skill      XL: |  1  2  3  4  5  6  7  8  9 10 11 12 13 14 |
---------------+-------------------------------------------+-----
Axes           | 2 3 5 6 7 8 9 10 12 13 14 15 | 15.0
Dodging        | 1 2 3 4 |  4.5
Throwing       | 1 2 3 4 |  4.0
Fighting       | 4 5 6 7 8 9 10 11 | 11.3
Armour         | 4 5 7 9 10 11 | 11.0
Shields        | 4 5 6 7 |  7.1
Invocations    | 4 8 11 | 11.2

Action                     |  1- 3 |  4- 6 |  7- 9 | 10-12 | 13-15 || total
---------------------------+-------+-------+-------+-------+-------++-------
  Melee: War axe           |    93 |   108 |   239 |   483 |   464 ||  1387
         Eveningstar       |       |       |       |       |    13 ||    13
  Throw: Javelin           |     3 |    27 |    49 |    38 |    24 ||   141
         Boomerang         |       |       |     3 |    28 |    39 ||    70
 Invoke: Heroism           |       |       |     3 |    24 |    11 ||    38
         Finesse           |       |       |       |       |     2 ||     2
    Use: Scroll            |     2 |     4 |    13 |     3 |     5 ||    27
         Potion            |       |     1 |     5 |     2 |     3 ||    11
 Armour: Scale mail        |    30 |    55 |    46 |       |       ||   131
         Chain mail        |       |       |    86 |    27 |       ||   113
         Plate armour      |       |       |       |   260 |   327 ||   587
  Dodge: Dodged            |    35 |    58 |   125 |   229 |   196 ||   643
  Block: Buckler           |    14 |    24 |    63 |   186 |   206 ||   493

Table legend:
 A = Non-vault XP
 B = Vault XP
 C = Vault XP percentage of total XP
 D = Non-vault monster count
 E = Vault monster count
 F = Vault count percentage of total count
                 A         B        C        D         E       F
            +---------+---------+-------+---------+---------+-------
      Total |   39317 |   23301 |  37.2 |     285 |     100 |  26.0
            +---------+---------+-------+---------+---------+-------
        D:1 |      48 |       0 |   0.0 |      27 |       0 |   0.0
        D:2 |      40 |       2 |   4.8 |      16 |       2 |  11.1
        D:3 |     132 |      33 |  20.0 |      27 |      11 |  28.9
        D:4 |     502 |     172 |  25.5 |      25 |       1 |   3.8
        D:5 |     391 |     312 |  44.4 |      14 |       3 |  17.6
        D:6 |     201 |     274 |  57.7 |       3 |       1 |  25.0
        D:7 |     407 |     121 |  22.9 |      10 |       3 |  23.1
        D:8 |     563 |       0 |   0.0 |      19 |       0 |   0.0
        D:9 |    2039 |     811 |  28.5 |      23 |       9 |  28.1
     Lair:1 |    5464 |       0 |   0.0 |      18 |       0 |   0.0
     Lair:2 |    3716 |    3365 |  47.5 |      15 |      24 |  61.5
     Lair:3 |    7510 |     928 |  11.0 |      27 |       4 |  12.9
     Lair:4 |   10870 |    2094 |  16.2 |      37 |      11 |  22.9
     Lair:5 |    7434 |   15189 |  67.1 |      24 |      31 |  56.4
            +---------+---------+-------+---------+---------+-------
